Map: Oceanborn LE

Players

SI 1 (Bardzo łatwa)

  • Race: Protoss Protoss
  • Spawn Location: 5:00

Krystianer - Winner!

  • Race: Protoss Protoss
  • League: Grandmaster
  • Spawn Location: 11:00

VOD

Have the link to the VOD?

Description

Time

  • Played on: March 2, 2024, 3:25 p.m.
  • Length: 7:55
Show
View Real Time Build Order
Export as new Build Order

SI 1 (Bardzo łatwa) Protoss 

Build Orders:  

Get SALT Encoding   

  12  0:00  Probe  
  13  0:13  Probe  
  14  0:19  Pylon  
  14  0:36  Assimilator  
  14  0:42  Gateway  
  14  0:46  Pylon  
  14  1:15  Assimilator  
  14  1:17  Probe  
  14  1:25  Probe  
  16  1:33  Cybernetics Core, Probe  
  17  1:43  Probe  
  18  1:55  Probe  
  18  1:59  Warp Gate  
  19  2:03  Probe  
  20  2:10  Stalker  
  22  5:36  Zealot  
  22  5:37  Probe  
  22  5:38  Pylon  
  22  5:40  Robotics Facility  
  25  5:48  Probe  
  26  5:56  Probe  
  27  6:04  Probe  
  28  6:13  Pylon  
  28  6:14  Probe  
  29  6:24  Probe  
  29  6:28  Observer, Stalker  
  20  6:33  Probe  
  21  6:45  Probe  
  20  6:49  Observer  
  21  6:56  Stalker  
  21  6:57  Probe  
  24  7:09  Probe  
  25  7:18  Probe  
  26  7:26  Probe  
  30  7:35  Probe  
  25  7:42  Pylon  
Show
View Real Time Build Order
Export as new Build Order

Krystianer Protoss - Winner!

Build Orders: Phoenix Opening, Zealot Archon 

Get SALT Encoding   

  12  0:02  Probe  
  13  0:14  Probe  
  14  0:17  Pylon  
  14  0:26  Probe (Chrono Boost)  
  15  0:38  Probe (Chrono Boost)  
  15  0:39  Gateway  
  16  0:44  Probe (Chrono Boost)  
  16  0:46  Assimilator  
  17  0:52  Probe (Chrono Boost)  
  17  0:54  Assimilator  
  18  1:04  Probe (Chrono Boost)  
  18  1:07  Gateway  
  19  1:13  Probe (Chrono Boost)  
  20  1:18  Probe  
  21  1:26  Cybernetics Core  
  21  1:30  Probe  
  22  1:35  Pylon  
  22  1:43  Probe  
  23  1:55  Probe  
  24  2:02  Warp Gate, Stalker  
  24  2:06  Sentry  
  24  2:07  Probe  
  29  2:13  Pylon  
  29  2:19  Probe  
  30  2:32  Sentry  
  30  2:34  Stalker  
  34  2:43  Nexus  
  34  2:48  Shield Battery  
  34  2:51  Probe  
  35  2:56  Phoenix  
  35  3:03  Probe  
  36  3:08  Twilight Council  
  36  3:11  Stalker  
  38  3:17  Pylon  
  38  3:19  Probe  
  39  3:36  Probe  
  40  3:48  Probe (Chrono Boost)  
  41  3:49  Robotics Facility  
  41  3:54  Assimilator  
  41  3:55  Probe (Chrono Boost)  
  42  3:56  Assimilator  
  42  4:00  Probe (Chrono Boost)  
  43  4:04  Probe (Chrono Boost)  
  43  4:06  Probe (Chrono Boost)  
  43  4:09  Probe (Chrono Boost)  
  45  4:14  Probe (Chrono Boost)  
  45  4:16  Templar Archives  
  47  4:21  Probe (Chrono Boost)  
  48  4:26  Probe (Chrono Boost)  
  48  4:30  Gateway x2  
  48  4:31  Probe (Chrono Boost)  
  50  4:32  Psionic Storm  
  50  4:37  Warp Prism  
  52  4:39  Probe  
  52  4:43  Probe  
  54  4:56  Probe x2  
  54  4:58  Pylon  
  54  4:59  High Templar  
  58  5:00  High Templar  
  60  5:11  Pylon  
  60  5:13  Probe  
  61  5:16  Immortal  
  61  5:19  Pylon  
  65  5:37  High Templar  
  65  5:38  High Templar  
  65  5:39  Zealot x2  
  65  5:41  Pylon  
  73  5:55  Immortal (Chrono Boost)  
  77  5:59  Probe x2  
  77  6:00  Nexus  
  79  6:07  Archon  
  79  6:08  Charge (Chrono Boost)  
  79  6:15  Gateway  
  79  6:16  Gateway  
  79  6:18  Gateway  
  79  6:21  Probe x2  
  79  6:22  Gateway  
  79  6:25  Pylon  
  81  6:33  Immortal (Chrono Boost), Probe x2  
  87  6:40  High Templar x2  
  87  6:44  Archon  
  87  6:45  Zealot x2  
  95  6:48  Archon  
  95  6:49  Probe x2  
  95  6:53  Shield Battery  
  98  7:01  Probe x2  
  99  7:11  High Templar  
  99  7:12  High Templar  
  99  7:13  Zealot x5  
  113  7:17  Probe x2, Archon, Pylon  
  113  7:20  Zealot  
  117  7:31  Pylon  
  117  7:35  Probe x3  
  120  7:39  Zealot x2  
  124  7:52  Zealot x4  
Tags
 
Composition
Zealot Archon
Matchup
PvP
Spawn Locations
Cross Positions
Add a new tag
Caveats
  • Supply blocks, unpowered buildings, or Contaminate may cause inaccurate times.
  • Supply counts are checked every 10 seconds.